 Dungeon Crawl Stone Soup version 0.22.1-5-g62c59d9 (webtiles) character file.

117580 Fang the Severer (level 16, -3/107 HPs)
             Began as a Gargoyle Berserker on Jan 7, 2019.
             Was the Champion of Trog.
             Slain by an alligator (19 damage)
             ... on level 1 of the Swamp on Jan 8, 2019.
             The game lasted 00:51:34 (24209 turns).

Fang the Severer (Gargoyle Berserker)              Turns: 24209, Time: 00:51:35

Health: -3/107     AC: 25    Str: 30    XL:     16   Next: 74%
Magic:  16/16      EV: 17    Int: 13    God:    Trog [******]
Gold:   2142       SH:  0    Dex: 16    Spells: 15/15 levels left

rFire    . . .     SeeInvis .   F - +6 battleaxe (flame)
rCold    . . .     Gourm    .   (shield currently unavailable)
rNeg     + + +     Faith    .   b - +2 robe of Acwudun {+Inv rC+}
rPois    ∞         Spirit   .   P - +2 helmet "Mour" {rF- rN++ Regen+ Str+4}
rElec    +         Reflect  .   (no cloak)
rCorr    .         Harm     .   R - +2 pair of gloves {Dex+3}
MR       +....                  Q - +0 pair of boots {run}
Stlth    ++++......             N - amulet of the acrobat
HPRegen  0.67/turn              r - ring of stealth
MPRegen  0.15/turn              l - ring of the Final Decision {Fire rElec Int+3 Dex+4}

@: flying, quick
A: big wings, negative energy resistance 1, sense surroundings 1, electricity
resistance, unbreathing, petrification resistance, rot immunity, MP-powered
wands, AC +12
a: Stop Flying, Berserk, Trog's Hand, Brothers in Arms, Renounce Religion, Evoke
Invisibility


You were on level 1 of the Swamp.
You worshipped Trog.
Trog was exalted by your worship.
You were very hungry.

You visited 6 branches of the dungeon, and saw 26 of its levels.
You also visited: Labyrinth.

You collected 2142 gold pieces.

Inventory:

Hand Weapons
 d - a +7 antimagic war axe
 n - a +7 battleaxe of freezing
 C - a +0 war axe
 F - a +6 battleaxe of flaming (weapon)
 I - a +1 war axe of venom
 O - a +2 antimagic battleaxe
 T - a +2 war axe of chopping
Armour
 b - the +2 robe of Acwudun (worn) {+Inv rC+}
   (You found it on level 6 of the Lair of Beasts)

   It protects you from cold.
   It lets you turn invisible.
 t - the +1 chain mail of the Meadowlark {MR+}
   (You found it on level 4 of the Dungeon)

   It affects your resistance to hostile enchantments.
 E - a +0 hat of intelligence
 J - a +2 hat of magic resistance
 P - the +2 helmet "Mour" (worn) {rF- rN++ Regen+ Str+4}
   (You found it on level 3 of the Lair of Beasts)

   It affects your strength (+4).
   It makes you vulnerable to fire.
   It greatly protects you from negative energy.
   It increases your rate of regeneration.
 Q - a +0 pair of boots of running (worn)
 R - a +2 pair of gloves of dexterity (worn)
Jewellery
 i - an uncursed ring of protection from fire
 l - the ring of the Final Decision (right hand) {Fire rElec Int+3 Dex+4}
   (You took it off a centaur warrior on level 13 of the Dungeon)

   [ring of fire]

   It enhances your fire magic.
   It affects your intelligence (+3).
   It affects your dexterity (+4).
   It protects you from fire.
   It makes you vulnerable to cold.
   It insulates you from electricity.
 r - a ring of stealth (left hand)
 G - an uncursed ring of protection from magic
 M - a +3 amulet of reflection
 N - an amulet of the acrobat (around neck)
 U - an uncursed amulet of guardian spirit
Wands
 g - a wand of random effects (57)
 q - a wand of paralysis (14)
 s - a wand of iceblast (20)
 x - a wand of polymorph (9)
 D - a wand of acid (20)
 H - a wand of flame (22)
Scrolls
 e - 10 scrolls of remove curse
 k - a scroll of identify
 m - a scroll of magic mapping
 p - 8 scrolls of teleportation
 u - 4 scrolls of fog
 v - a scroll of blinking
 y - 2 scrolls of fear
Potions
 a - 8 potions of curing
 f - a potion of agility
 h - 3 potions of resistance
 j - a potion of heal wounds
 o - 2 potions of brilliance
 w - 4 potions of invisibility
 z - a potion of magic
 A - a potion of ambrosia
 B - 5 potions of haste
 K - 3 potions of might
 L - a potion of cancellation
Comestibles
 c - 45 rations


   Skills:
 + Level 14.9 Fighting
 + Level 19.3 Axes
 + Level 11.6 Armour
 + Level 7.0 Dodging
 + Level 5.4 Stealth


You had 15 spell levels left.
You didn't know any spells.
Your spell library was empty.

Dungeon Overview and Level Annotations

Branches:
Dungeon (15/15)            Temple (1/1) D:4            Lair (6/6) D:11
  Swamp (1/4) Lair:4       Spider (1/4) Lair:3        Slime (0/5) Lair:5
    Orc (2/2) D:12            Elf (0/3) Orc:2        Vaults (0/5) D:13
 Depths (0/5) D:15

Altars:
Ashenzari
Cheibriados
Dithmenos
Gozag
Kikubaaqudgha
Makhleb
Nemelex Xobeh
Qazlal
Uskayaw
Vehumet
Yredelemnul
Zin
The Shining One
Beogh

Shops:
Orc:2 [*[*

Portals:
Trove: D:10 (lose all piety)

Annotations:
D:12 1 runed door
Orc:1 1 runed door, funslinger's ghost, journeyman DDFi
Orc:2 1 runed door, antares's ghost, journeyman DEFE


Innate Abilities, Weirdness & Mutations

You are resistant to torment.
Your stone body is resilient. (AC +12)
You are immune to poison.
Your large and strong wings let you fly indefinitely.
You resist negative energy. (rN+)
You are resistant to electric shocks. (rElec)
You can survive without breathing.
You are immune to petrification.
You are immune to rotting.
You passively map a small area around you.
You expend magic power (3 MP) to strengthen your wands.


Message History

You are too injured to fight recklessly!
Unknown command.
You are too injured to fight recklessly!
Unknown command.
You are too injured to fight recklessly!
You are too injured to fight recklessly!
Unknown command.
You closely miss the alligator. You slash the slime creature!
You burn the slime creature. You hit the bog body. You burn the bog body.
You are engulfed in freezing vapours.
* * * LOW HITPOINT WARNING * * *
The alligator bites you!
* * * LOW HITPOINT WARNING * * *
The alligator tail-slaps you but does no damage.
The bog body closely misses you.
The bog body touches you but does no damage.
You feel better.
The slime creature completely misses you.
The alligator bites you!!
You die...

** , * ♣♣♣...≈.....
♣♣♣....≈≈♣...♣ ,≈ ♣♣*
♣♣≈≈≈♣♣≈≈≈≈♣≈♣♣ *≈ **
^♣♣♣♣≈.≈.♣♣..≈.≈≈≈♣ +
♣♣.♣♣.≈≈≈≈§≈≈♣♣.≈...
♣♣♣≈.♣≈.≈...≈♣♣♣♣♣≈≈.♣
,* ♣.≈≈..§≈..♣.♣♣
♣≈..♣ ♣♣♣...≈≈≈.♣♣♣♣
♣...♣ , ♣≈≈≈≈†@≈≈♣♣
♣♣..♣ *♣≈≈†JntJ≈♣ ♣...
♣.§≈§$vJ.♣♣ ♣♣...
♣≈≈.≈≈≈.≈≈..♣ ♣.≈≈≈
≈.≈.≈≈.......♣ ♣♣..≈
≈, ≈.≈§♣...≈≈.§♣♣ ♣♣.≈
≈.≈≈....≈≈≈.♣ ♣.≈ *
,≈..≈.....≈.≈. ♣.≈ ♣..


You could see an alligator, 3 slime creatures, a bog body and an insubstantial
wisp.

Vanquished Creatures
  Rupert (D:14)
  Gastronok (Lair:1)
  A fire giant (D:15)
  2 orc warlords (Orc:1)
  Nessos (D:14)
  A minotaur (Lab)
  A dire elephant (Lair:6)
  Snorg (Lair:6)
  8 hydras
  3 centaur warriors
  3 catoblepae
  Erica (D:8)
  21 two-headed ogres
  A death knight (D:9)
  3 tengu warriors
  An alligator (Swamp:1)
  A deep troll shaman (Lair:6)
  5 death yaks (Lair:6)
  5 ogre magi
  Sonja (Lair:3)
  3 unseen horrors
  2 skeletal warriors (D:15)
  An orc knight (Orc:1)
  A deep elf mage (D:13)
  3 orc sorcerers
  2 ugly things
  5 cyclopes
  A wolf spider (D:15)
  2 centaur zombies
  7 elephants
  4 manticores
  2 black mambas
  3 gargoyles
  A torpor snail (Lair:6)
  9 spiny frogs
  2 kobold demonologists
  A yaktaur (D:13)
  An efreet (D:15)
  11 komodo dragons
  6 rime drakes
  2 ice devils (Lair:5)
  8 trolls
  4 tengu conjurers
  A polar bear (shapeshifter) (D:13)
  Grinder (D:5)
  2 polar bears
  2 hornets
  5 slime creatures
  A hippogriff (shapeshifter) (D:13)
  A bog body (Swamp:1)
  28 blink frogs
  2 dream sheep (D:8)
  15 hippogriffs
  7 wyverns
  4 redbacks
  Sigmund (D:4)
  A shadow (D:12)
  8 basilisks
  3 vampires
  3 wraiths
  54 yaks
  Grum (D:11)
  A steam dragon (D:11)
  5 hungry ghosts
  Edmund (D:6)
  11 vampire mosquitoes
  An acid dragon (D:14)
  6 wargs
  2 insubstantial wisps (Swamp:1)
  A swamp worm (Swamp:1)
  A soldier ant (D:12)
  A hell hound (Lair:5)
  13 water moccasins
  12 porcupines
  8 ice beasts
  34 orc warriors
  6 black bears
  2 eyes of draining (D:12)
  3 sky beasts
  39 ogres
  A necrophage (D:9)
  22 wolves
  12 centaurs
  14 crocodiles
  6 big kobolds
  A wyvern zombie (D:12)
  15 bullfrogs
  2 wyvern skeletons
  2 scorpions
  13 wights
  3 howler monkeys
  An electric eel (Lair:4)
  7 crimson imps
  2 bullfrog zombies
  A quasit (D:12)
  21 orc priests
  5 hounds
  9 jellies
  2 bullfrog skeletons
  5 centaur skeletons
  2 gnoll shamans
  38 orc wizards
  Ijyb (D:4)
  Natasha (thrice) (D:4 D:5)
  4 hell rats (Lair:5)
  5 iguanas
  9 worker ants
  A hound skeleton (D:6)
  A worker ant zombie (D:5)
  10 gnolls
  12 adders
  6 shadow imps
  5 oozes
  5 worms
  5 dart slugs
  9 leopard geckos
  83 orcs
  5 bats
  6 giant cockroaches
  14 goblins
  6 hobgoblins
  14 jackals
  14 kobolds
  5 quokkas
  2 ball pythons
  4 frilled lizards
  2 leopard gecko skeletons
  A leopard gecko zombie (D:7)
  2 quokka skeletons
  A quokka zombie (D:9)
  8 rats
  6 fungi
  9 plants
872 creatures vanquished.

Vanquished Creatures (collateral kills)
  A tengu warrior (D:9)
  A skeletal warrior (D:15)
  A guardian serpent (shapeshifter) (D:9)
  A hippogriff (D:12)
  2 slime creatures (D:12)
  An orc warrior (D:12)
  A gnoll sergeant (D:9)
  A scorpion (D:9)
  An orc priest (D:12)
  4 orc wizards (D:12)
  A gnoll (D:9)
  An orc (D:12)
16 creatures vanquished.

Vanquished Creatures (others)
  6 fungi
  5 plants
11 creatures vanquished.

Grand Total: 899 creatures vanquished

Notes
Turn   | Place    | Note
-------+----------+-------------------------------------------
     0 | D:1      | Fang the Gargoyle Berserker began the quest for the Orb.
     0 | D:1      | Reached XP level 1. HP: 14/14 MP: 1/1
   189 | D:1      | Reached XP level 2. HP: 10/19 MP: 2/2
   431 | D:1      | Reached skill level 3 in Axes
   630 | D:1      | Reached XP level 3. HP: 24/24 MP: 3/3
   731 | D:1      | Reached ** piety under Trog
  1013 | D:2      | Found a burning altar of Makhleb.
  1013 | D:2      | Noticed a balrug
  1061 | D:2      | Reached XP level 4. HP: 28/29 MP: 4/4
  1361 | D:2      | Reached skill level 4 in Axes
  1361 | D:2      | Reached XP level 5. HP: 20/33 MP: 5/5
  2408 | D:3      | Found a stormy altar of Qazlal.
  2413 | D:3      | Noticed an air elemental
  2413 | D:3      | Noticed a water elemental
  2413 | D:3      | Noticed a fire elemental
  2599 | D:4      | Noticed Sigmund
  2606 | D:4      | Reached *** piety under Trog
  2616 | D:4      | Killed Sigmund
  2616 | D:4      | Reached skill level 5 in Axes
  2616 | D:4      | Reached XP level 6. HP: 39/39 MP: 6/6
  2672 | D:4      | Found a staircase to the Ecumenical Temple.
  2683 | D:4      | Noticed Ijyb
  2717 | D:4      | Killed Ijyb
  2721 | D:4      | Got a twisted chain mail
  2732 | D:4      | Identified the cursed +1 chain mail of the Meadowlark {MR+}
                  | (You found it on level 4 of the Dungeon)
  2745 | Temple   | Entered the Ecumenical Temple
  2847 | D:4      | Found a shattered altar of Ashenzari.
  2957 | D:4      | Noticed Natasha
  2971 | D:4      | Killed Natasha
  2971 | D:4      | Reached XP level 7. HP: 41/44 MP: 7/7
  3131 | D:4      | Found a basalt altar of Yredelemnul.
  3691 | D:5      | Entered Level 5 of the Dungeon
  3691 | D:5      | Noticed Grinder
  3722 | D:5      | Killed Grinder
  3722 | D:5      | Reached skill level 6 in Axes
  4091 | D:5      | Reached skill level 5 in Armour
  4091 | D:5      | Reached XP level 8. HP: 41/48 MP: 8/8
  4196 | D:5      | Reached skill level 5 in Fighting
  4369 | D:5      | Noticed Natasha
  4380 | D:5      | Killed Natasha
  4391 | D:5      | Noticed Natasha
  4400 | D:5      | Killed Natasha
  4400 | D:5      | Reached **** piety under Trog
  4477 | D:5      | Reached skill level 7 in Axes
  4601 | D:5      | Found a snail-covered altar of Cheibriados.
  4650 | D:5      | Found a glowing silver altar of Zin.
  5503 | D:6      | Noticed a two-headed ogre
  5523 | D:6      | Killed a two-headed ogre
  5523 | D:6      | Reached skill level 8 in Axes
  5523 | D:6      | Reached skill level 1 in Stealth
  5523 | D:6      | Reached XP level 9. HP: 55/55 MP: 9/9
  5587 | D:6      | Noticed Edmund
  5633 | D:6      | Killed Edmund
  5937 | D:6      | Reached skill level 9 in Axes
  6542 | D:7      | Found a flagged portal.
  6587 | D:7      | Found a glowing silver altar of Zin.
  6590 | D:7      | Found a hide-covered altar of Uskayaw.
  6593 | D:7      | Found a sparkling altar of Nemelex Xobeh.
  6596 | D:7      | Found a radiant altar of Vehumet.
  6880 | D:8      | Received a gift from Trog
  7250 | D:8      | Reached ***** piety under Trog
  7260 | D:8      | Reached XP level 10. HP: 61/61 MP: 10/10
  7283 | D:8      | Reached skill level 10 in Axes
  7308 | D:8      | Noticed Erica
  7329 | D:8      | Killed Erica
  8270 | D:8      | Noticed a three-headed hydra
  8275 | D:8      | Killed a one-headed hydra
  8275 | D:8      | Reached skill level 11 in Axes
  8357 | D:9      | Found an ancient bone altar of Kikubaaqudgha.
  8369 | D:9      | Found a shadowy altar of Dithmenos.
  8694 | D:9      | Reached XP level 11. HP: 51/69 MP: 11/11
  8753 | D:9      | Received a gift from Trog
  8846 | D:9      | Noticed a death knight
  8865 | D:9      | Killed a death knight
  8871 | D:9      | Noticed a tengu warrior
  8880 | D:9      | Killed a tengu warrior
  9249 | D:9      | Reached skill level 12 in Axes
  9691 | D:10     | Entered Level 10 of the Dungeon
 10008 | D:10     | Found a portal to a secret trove of treasure.
 10046 | D:10     | Found an opulent altar of Gozag.
 10226 | D:10     | Killed an unseen horror
 10526 | D:11     | Noticed a brown ugly thing
 10530 | D:11     | Noticed Grum
 10722 | D:11     | Killed a brown ugly thing
 10730 | D:11     | Killed Grum
 10730 | D:11     | Reached XP level 12. HP: 76/76 MP: 12/12
 10745 | D:11     | Reached skill level 13 in Axes
 10841 | D:11     | Found a glowing golden altar of the Shining One.
 11121 | D:11     | Found a staircase to the Lair.
 11137 | D:11     | Received a gift from Trog
 11780 | Lair:1   | Entered Level 1 of the Lair of Beasts
 12181 | Lair:1   | Noticed Gastronok
 12192 | Lair:1   | Killed Gastronok
 12192 | Lair:1   | Reached skill level 10 in Fighting
 12538 | Lair:2   | Reached skill level 10 in Armour
 12641 | Lair:2   | Reached skill level 14 in Axes
 13226 | Lair:2   | Noticed a four-headed hydra
 13233 | Lair:2   | Killed a one-headed hydra
 13666 | Lair:3   | Reached XP level 13. HP: 67/83 MP: 13/13
 13905 | Lair:3   | Found a hole to the Spider Nest.
 14091 | Lair:3   | Got an ichor-stained helmet
 14102 | Lair:3   | Identified the +2 helmet "Mour" {rF- rN++ Regen+ Str+4}
                  | (You found it on level 3 of the Lair of Beasts)
 14204 | Lair:3   | Noticed Sonja
 14214 | Lair:3   | Killed Sonja
 14214 | Lair:3   | Received a gift from Trog
 14727 | Spider:1 | Entered Level 1 of the Spider Nest
 15048 | Lair:4   | Reached skill level 15 in Axes
 15143 | Lair:4   | Found a staircase to the Swamp.
 15823 | Lair:5   | Reached skill level 5 in Dodging
 16129 | Lair:5   | Gained mutation: Your large and strong wings let you fly
                  | indefinitely. [Gargoyle growth]
 16129 | Lair:5   | Reached XP level 14. HP: 90/90 MP: 14/14
 16137 | Lair:5   | Reached skill level 16 in Axes
 16254 | Lair:5   | Found a staircase to the Slime Pits.
 16891 | Lair:6   | Entered Level 6 of the Lair of Beasts
 16891 | Lair:6   | Noticed Snorg
 16898 | Lair:6   | Killed Snorg
 16960 | Lair:6   | Gained mutation: You can translocate small distances at
                  | will. [potion of mutation]
 16960 | Lair:6   | Gained mutation: You have a pair of small antennae on your
                  | head. [potion of mutation]
 16961 | Lair:6   | Lost mutation: You have a pair of small antennae on your
                  | head. [potion of mutation]
 16961 | Lair:6   | Lost mutation: You can translocate small distances at will.
                  | [potion of mutation]
 16961 | Lair:6   | Gained mutation: You passively map a small area around you.
                  | [potion of mutation]
 16961 | Lair:6   | Gained mutation: You expend magic power (3 MP) to
                  | strengthen your wands. [potion of mutation]
 17070 | Lair:6   | Received a gift from Trog
 17582 | Lair:6   | Reached skill level 17 in Axes
 17603 | Lair:6   | Noticed a dire elephant
 17612 | Lair:6   | Killed a dire elephant
 17735 | Lair:6   | Got a creamy pearl robe
 17746 | Lair:6   | Identified the +2 robe of Acwudun {+Inv rC+} (You found it
                  | on level 6 of the Lair of Beasts)
 18228 | D:12     | Reached XP level 15. HP: 72/97 MP: 2/15
 18293 | D:12     | Reached ****** piety under Trog
 18346 | D:12     | Found a labyrinth entrance.
 18360 | Lab      | Entered a labyrinth
 18964 | Lab      | Identified Dispater's Volume of Earth
 18974 | Lab      | Identified the Handbook of the Rocks and Enhancements
 19097 | D:12     | Found a runed door.
 19099 | D:12     | Noticed a storm dragon
 19229 | D:12     | Received a gift from Trog
 19349 | D:12     | Found a staircase to the Orcish Mines.
 20204 | D:13     | Got a transparent silver ring
 20240 | D:13     | Identified the ring of the Final Decision {Fire rElec Int+3
                  | Dex+4} (You took it off a centaur warrior on level 13 of
                  | the Dungeon)
 20301 | D:13     | Found a gate to the Vaults.
 20681 | D:14     | Noticed Nessos
 20858 | D:14     | Killed Nessos
 20901 | D:14     | Noticed Rupert
 20918 | D:14     | Reached skill level 18 in Axes
 20920 | D:14     | Killed Rupert
 21171 | D:14     | Reached skill level 5 in Stealth
 21420 | D:15     | Entered Level 15 of the Dungeon
 21443 | D:15     | Received a gift from Trog
 21547 | D:15     | Reached XP level 16. HP: 66/106 MP: 12/16
 21795 | D:15     | Identified a +0 pair of boots of running (You found it on
                  | level 15 of the Dungeon)
 21805 | D:15     | Found a staircase to the Depths.
 22312 | Orc:1    | Entered Level 1 of the Orcish Mines
 22318 | Orc:1    | Found a runed door.
 22463 | Orc:1    | Received a gift from Trog
 22629 | Orc:1    | Noticed funslinger's ghost (journeyman DDFi)
 22848 | Orc:1    | Found a roughly hewn altar of Beogh.
 23015 | Orc:2    | Entered Level 2 of the Orcish Mines
 23103 | Orc:2    | Received a gift from Trog
 23238 | Orc:2    | Reached skill level 19 in Axes
 23246 | Orc:2    | Found Susuixac's Assorted Antiques.
 23246 | Orc:2    | Found Pabbe's Armour Shoppe.
 23253 | Orc:2    | Found Leheneest's General Store.
 23253 | Orc:2    | Found Niyler's Antique Armour Boutique.
 23462 | Orc:2    | Found a staircase to the Elven Halls.
 23820 | Orc:2    | Found a runed door.
 23825 | Orc:2    | Noticed antares's ghost (journeyman DEFE)
 24113 | Swamp:1  | Entered Level 1 of the Swamp
 24209 | Swamp:1  | Slain by an alligator

Skill      XL: |  1  2  3  4  5  6  7  8  9 10 11 12 13 14 15 16 |
---------------+-------------------------------------------------+-----
Axes           | 3 4 5 6 8 9 11 12 14 15 17 18 19 | 19.3
Fighting       | 4 6 8 9 10 11 12 14 | 14.9
Armour         | 3 4 5 6 7 8 9 10 11 | 11.6
Dodging        | 2 3 4 5 6 7 |  7.0
Stealth        | 1 2 4 5 |  5.4

Action                   |  1- 3 |  4- 6 |  7- 9 | 10-12 | 13-15 | 16-18 || total
-------------------------+-------+-------+-------+-------+-------+-------++-------
Melee: Hand axe          |   123 |   259 |   370 |   173 |       |       ||   925
       War axe           |       |       |   182 |    79 |       |       ||   261
       Broad axe         |       |       |       |   227 |       |       ||   227
       Battleaxe         |       |       |       |   166 |   820 |   269 ||  1255
Invok: Berserk           |       |     1 |     5 |     6 |     2 |     2 ||    16
       Brothers in Arms  |       |       |       |     2 |     2 |       ||     4
 Abil: Fly               |       |       |       |       |     1 |       ||     1
  Use: Scroll            |       |       |       |    27 |    10 |     5 ||    42
       Potion            |       |       |       |     1 |     6 |     4 ||    11
 Stab: Petrified         |       |       |       |       |     6 |       ||     6
       Sleeping          |       |       |       |       |     8 |     1 ||     9
       Distracted        |       |       |       |       |     1 |       ||     1
  Eat: Chunk             |     1 |     7 |    19 |    17 |    21 |     8 ||    73
       Ration            |       |       |       |     3 |     3 |     1 ||     7
Armor: Chain mail        |    91 |   159 |   361 |   495 |   367 |       ||  1473
       Robe              |       |       |       |       |   187 |    95 ||   282
Dodge: Dodged            |    67 |   108 |   223 |   337 |   569 |   247 ||  1551
Block: Other             |       |       |       |     4 |       |       ||     4
